Map: Odyssey LE

Players

Bly - Winner!

  • Race: Zerg Zerg
  • League: Grandmaster
  • Spawn Location: 5:00

DeMusliM

  • Race: Terran Terran
  • League: Grandmaster
  • Spawn Location: 11:00

Event: HomeStory Cup XVI

VOD

Have the link to the VOD?

Description

Time

  • Played on: Nov. 10, 2017, 9:31 a.m.
  • Length: 6:16

All games in this series

Show
View Real Time Build Order
Export as new Build Order

Bly Zerg - Winner!

Build Orders: Pool First 

Get SALT Encoding   

  12  0:01  Drone  
  13  0:12  Overlord  
  13  0:18  Drone  
  14  0:31  Drone x2  
  16  0:43  Spawning Pool  
  16  0:44  Drone  
  16  0:49  Drone  
  17  1:11  Hatchery  
  17  1:15  Drone  
  17  1:23  Drone  
  17  1:24  Extractor  
  17  1:30  Zergling x4  
  17  1:32  Queen  
  21  1:40  Overlord  
  21  1:52  Drone  
  22  1:59  Spine Crawler  
  21  2:03  Zergling x2  
  22  2:09  Queen  
  22  2:14  Zergling x2  
  22  2:15  Spine Crawler  
  24  2:23  Queen  
  26  2:33  Zergling x6  
  28  2:42  Overlord  
  28  2:59  Overlord  
  28  3:08  Overlord  
  28  3:13  Zergling x4  
  28  3:15  Zergling x4  
  28  3:19  Zergling x6  
  34  3:31  Drone x2  
  34  3:32  Drone  
  36  3:38  Metabolic Boost  
  35  3:47  Drone x2  
  37  3:52  Drone  
  37  3:53  Drone  
  39  3:58  Drone  
  40  4:07  Drone x3  
  40  4:08  Drone  
  39  4:26  Drone x3  
  39  4:27  Drone x3  
  43  4:32  Roach Warren  
  39  4:47  Queen x2  
  39  4:49  Zergling x2  
  39  4:50  Zergling x6  
  47  4:54  Zergling x6  
  51  5:00  Zergling x4  
  51  5:06  Overlord x2  
  52  5:25  Roach  
  52  5:26  Roach x6  
  66  5:33  Roach  
  67  5:48  Drone x5  
Show
View Real Time Build Order
Export as new Build Order

DeMusliM Terran 

Build Orders:  

Get SALT Encoding   

  12  0:00  SCV  
  13  0:13  SCV  
  14  0:18  Supply Depot  
  14  0:31  SCV  
  15  0:40  Barracks  
  15  0:43  SCV  
  16  0:56  Barracks  
  16  0:59  SCV  
  17  1:11  SCV  
  17  1:13  Refinery  
  18  1:27  Orbital Command, Marine  
  19  1:42  Marine  
  19  1:45  Marine  
  19  1:46  Supply Depot  
  21  1:54  SCV  
  21  1:59  Bunker  
  21  2:00  Marine  
  23  2:07  Marine  
  23  2:08  SCV  
  25  2:14  Factory  
  25  2:21  Bunker  
  26  2:22  SCV  
  26  2:24  Marine  
  27  2:35  Marine  
  27  2:37  SCV  
  29  2:49  SCV  
  30  3:01  SCV, Marine  
  30  3:04  Factory Reactor  
  31  3:19  Marine  
  31  3:20  Starport, SCV  
  31  3:35  Marine  
  33  3:41  Hellion  
  33  3:44  Hellion  
  34  3:49  Marine  
  34  3:52  Marine  
  34  3:54  Supply Depot  
  36  4:03  Hellion  
  36  4:07  Hellion  
  34  4:10  Marine  
  34  4:11  Marine  
  36  4:25  Hellion  
  36  4:28  Armory, Marine  
  36  4:29  Medivac  
  39  4:34  Marine  
  40  4:38  Hellion  
  40  4:45  Supply Depot  
  40  4:49  Hellion  
  42  4:52  Marine  
  42  4:54  Marine  
  44  5:02  Hellion  
  46  5:10  Marine  
  46  5:11  Marine  
  48  5:15  Hellion  
  48  5:16  Medivac  
  48  5:21  Supply Depot  
  52  5:26  Hellion  
  54  5:28  Marine  
  55  5:37  Marine  
  52  5:46  Marine  
Tags
 
Add a new tag
Caveats
  • Supply blocks, unpowered buildings, or Contaminate may cause inaccurate times.
  • Supply counts are checked every 10 seconds.